 Dungeon Sprint DCSS version 0.28.0-47-ge53b351184 (webtiles) character file.

Game seed: 100049683219520500

10413 boopmooplesden the Fencer (level 11, -4/122 HPs)
             Began as a Minotaur Berserker on May 2, 2022.
             Was the Champion of Trog.
             Succumbed to poison (dark miasma)
             ... in the Dungeon (Sprint III: "The Ten Rune Challenge").
             The game lasted 00:07:14 (3983 turns).

boopmooplesden the Fencer (Minotaur Berserker)      Turns: 3983, Time: 00:07:14

Health: -4/122     AC: 17    Str: 21    XL:     11   Next: 35%
Magic:  10/10      EV: 10    Int:  6    God:    Trog [******]
Gold:   2021       SH:  0    Dex: 13    Spells: 10/10 levels left

rFire   + . .      SeeInvis .   v - +1 great sword (flame)
rCold   . . .      Faith    .   (shield currently unavailable)
rNeg    . . .      Spirit   .   w - +0 plate armour
rPois   .          Reflect  .   (helmet unavailable)
rElec   .          Harm     .   (no cloak)
rCorr   .          Rampage  .   (no gloves)
Will    ++...      NoTele   +   (no boots)
Stlth   ..........              (no amulet)
HPRegen 1.30/turn               (no ring)
MPRegen 0.12/turn               (no ring)

@: lethally poisoned (-4 -> -26), strong-willed, regenerating, slowed, very slow
A: horns 3, retaliatory headbutt, agile 1, fire resistance 1, weak 1
a: Renounce Religion, Berserk, Trog's Hand, Brothers in Arms


You were in the Dungeon.
You worshipped Trog.
Trog was exalted by your worship.
You visited 1 branch You collected 2021 gold pieces.

Inventory:

Hand Weapons
 a - a +0 falchion
 p - a +0 long sword of holy wrath
 s - a +1 scimitar of flaming
 t - a +5 battleaxe of flaming
 u - a +4 vorpal great sword
 v - a +1 great sword of flaming (weapon)
Armour
 b - a +0 animal skin
 q - a +0 chain mail
 w - a +0 plate armour (worn)
Wands
 o - a wand of paralysis (8)
Scrolls
 h - a scroll of blinking
 j - a scroll of immolation {unknown}
 k - 2 scrolls of identify {unknown}
 n - a scroll of holy word {unknown}
Potions
 e - a potion of haste
 f - 2 potions of magic
 g - a potion of berserk rage
 i - 2 potions of mutation
 l - 2 potions of brilliance {unknown}
 m - 5 potions of flight
Miscellaneous
 r - a phantom mirror


   Skills:
 + Level 19.0 Fighting
 + Level 19.9 Long Blades
 + Level 16.2 Armour
 + Level 9.5 Dodging
 + Level 3.6 Stealth
 + Level 1.5 Evocations


You had 10 spell levels left.
You didn't know any spells.
Your spell library was empty.

Dungeon Overview and Level Annotations

Branches:
Dungeon (1/1)

Altars:
Cheibriados
Dithmenos
Elyvilon
Fedhas
Gozag
Hepliaklqana
Kikubaaqudgha
Makhleb
Nemelex Xobeh
Okawaru
Qazlal
Ru
Sif Muna
Trog
Uskayaw
Vehumet
Wu Jian
Xom
Yredelemnul
Zin
The Shining One
Beogh
Jiyva
Lugonu

Shops:
D ?


Innate Abilities, Weirdness & Mutations

You have a pair of large horns on your head.
You reflexively headbutt those who attack you in melee.
You are agile. (Dex +2)
Your flesh is heat resistant. (rF+)
You are weak. (Str -2)


Message History

You are exhausted.
You feel yourself slow down.
You start resting.
You feel yourself speed up.
You start resting.
You recover from your berserk rage.
You start resting.
HP restored.
You open the door.
There is an open door here.
You open the door.
You are engulfed in dark miasma.
You are poisoned.
You feel very sick.
There is an open door here.
You are engulfed in dark miasma.
You are more poisoned.
You feel yourself slow down.
You feel extremely sick.
You are engulfed in dark miasma.
You are more poisoned.
You feel as though you will be slow longer.
You feel extremely sick.
You are engulfed in dark miasma.
You are more poisoned.
You feel extremely sick.
You close the door.
You are engulfed in dark miasma.
You are lethally poisoned!
You feel as though you will be slow longer.
You feel extremely sick.
Okay, then.
You are engulfed in dark miasma.
You are more poisoned.
* * * LOW HITPOINT WARNING * * *
You feel extremely sick.
Your skin crawls.
You feel strong-willed.
* * * LOW HITPOINT WARNING * * *
You feel extremely sick.
Okay, then.
You die...

#...#.§≈≈§#
#...#.#§§≈#
#####.# §
#..)P.#
#..))P#
#.....#+###
#.....#§☼☼#
#'#####°.☼#
#.°.@.+.☼§+
#.#########
#.# #.# #.#
#.# #.# #.


There were no monsters in sight!

Vanquished Creatures
  Sigmund (D)
  Erica (D)
  A centaur warrior (D)
  An orc sorcerer (D)
  A deep elf pyromancer (D)
  2 cane toads (D)
  An unseen horror (D)
  A rime drake (D)
  A komodo dragon (D)
  An orc high priest (D)
  5 blink frogs (D)
  A shadow (D)
  A redback (D)
  A swamp drake (D)
  3 orc warriors (D)
  A necrophage (D)
  2 centaurs (D)
  An earth elemental (D)
  A scorpion (D)
  A water elemental (D)
  20 killer bees (D)
  3 wandering mushrooms (D)
  A jelly (D)
  6 orc priests (D)
  Jessica (D)
  An orc wizard (D)
  A wizard (D)
  A necromancer (D)
  3 humans (D)
  A kobold demonologist (D)
  9 orcs (D)
  A hobgoblin (D)
  3 rats (D)
79 creatures vanquished.

Vanquished Creatures (collateral kills)
  Edmund (D)
  A queen bee (D)
  12 killer bees (D)
14 creatures vanquished.

Vanquished Creatures (others)
  7 plants (D)
7 creatures vanquished.

Grand Total: 100 creatures vanquished

Notes
Turn   | Place    | Note
-------+----------+-------------------------------------------
     0 | D        | boopmooplesden the Minotaur Berserker began the quest for
                  | the Orb.
     0 | D        | Reached XP level 1. HP: 19/19 MP: 0/0
    12 | D        | Noticed Jessica
    17 | D        | Killed Jessica
    17 | D        | Reached ** piety under Trog
    18 | D        | Reached skill level 5 in Fighting
    18 | D        | Reached skill level 5 in Long Blades
    18 | D        | Reached XP level 2. HP: 30/30 MP: 1/1
   137 | D        | Reached XP level 3. HP: 37/37 MP: 2/2
   254 | D        | Noticed a scorpion
   263 | D        | Killed a scorpion
   264 | D        | Reached XP level 4. HP: 22/47 MP: 3/3
   479 | D        | Gained mutation: You are weak. (Str -2) [potion of
                  | mutation]
   479 | D        | Gained mutation: You have a pair of large horns on your
                  | head. [potion of mutation]
   479 | D        | Gained mutation: Your flesh is heat resistant. (rF+)
                  | [potion of mutation]
   479 | D        | Gained mutation: You are agile. (Dex +2) [potion of
                  | mutation]
   488 | D        | Noticed a water elemental
   490 | D        | Killed a water elemental
   490 | D        | Reached *** piety under Trog
   491 | D        | Reached XP level 5. HP: 56/56 MP: 4/4
   658 | D        | Found a radiant altar of Vehumet.
   658 | D        | Found a shimmering blue altar of Sif Muna.
   658 | D        | Found an ancient bone altar of Kikubaaqudgha.
   661 | D        | Noticed a chaos spawn
   703 | D        | Found a basalt altar of Yredelemnul.
   703 | D        | Found a shadowy altar of Dithmenos.
   703 | D        | Found a sacrificial altar of Ru.
   703 | D        | Noticed a necrophage
   707 | D        | Killed a necrophage
   707 | D        | Reached **** piety under Trog
   708 | D        | Reached skill level 10 in Fighting
   708 | D        | Reached skill level 10 in Long Blades
   708 | D        | Reached skill level 5 in Dodging
   708 | D        | Reached XP level 6. HP: 66/66 MP: 5/5
   869 | D        | Found a glowing silver altar of Zin.
   869 | D        | Found a glowing golden altar of the Shining One.
   869 | D        | Found a white marble altar of Elyvilon.
   869 | D        | Noticed a deep elf pyromancer
   874 | D        | Killed a deep elf pyromancer
   875 | D        | Reached skill level 5 in Armour
   875 | D        | Reached skill level 1 in Stealth
   875 | D        | Reached XP level 7. HP: 77/77 MP: 6/6
   984 | D        | Found a hide-covered altar of Uskayaw.
   984 | D        | Found an iron altar of Okawaru.
   984 | D        | Found a bloodstained altar of Trog.
   984 | D        | Found an ornate altar of the Wu Jian Council.
   984 | D        | Noticed a human
   984 | D        | Noticed a human
   990 | D        | Killed a human
   999 | D        | Killed a human
   999 | D        | Reached ***** piety under Trog
  1116 | D        | Noticed a shadow
  1133 | D        | Killed a shadow
  1134 | D        | Reached XP level 8. HP: 50/86 MP: 7/7
  1343 | D        | Found a blossoming altar of Fedhas.
  1343 | D        | Found a stormy altar of Qazlal.
  1344 | D        | Found a snail-covered altar of Cheibriados.
  1344 | D        | Found a burning altar of Makhleb.
  1344 | D        | Found a hazy altar of Hepliaklqana.
  1344 | D        | Found a shimmering altar of Xom.
  1344 | D        | Found an opulent altar of Gozag.
  1344 | D        | Found a sparkling altar of Nemelex Xobeh.
  1344 | D        | Found a corrupted altar of Lugonu.
  1344 | D        | Found a viscous altar of Jiyva.
  1493 | D        | Noticed Erica
  1507 | D        | Killed Erica
  1508 | D        | Reached skill level 15 in Long Blades
  1840 | D        | Noticed a centaur warrior
  1847 | D        | Killed a centaur warrior
  1848 | D        | Reached skill level 15 in Fighting
  1848 | D        | Reached XP level 9. HP: 38/97 MP: 8/8
  1851 | D        | Received a gift from Trog
  2040 | D        | Killed an unseen horror
  2236 | D        | Noticed a queen bee
  2249 | D        | Reached skill level 10 in Armour
  2250 | D        | Received a gift from Trog
  2273 | D        | Reached ****** piety under Trog
  2279 | D        | Received a gift from Trog
  2284 | D        | Killed a queen bee
  2288 | D        | Reached XP level 10. HP: 59/107 MP: 9/9
  2293 | D        | Received a gift from Trog
  2610 | D        | Received a gift from Trog
  2745 | D        | Noticed a cane toad
  2745 | D        | Noticed a cane toad
  2747 | D        | Killed a cane toad
  2753 | D        | Killed a cane toad
  2754 | D        | Reached skill level 1 in Evocations
  3174 | D        | Received a gift from Trog
  3462 | D        | Noticed an orc sorcerer
  3470 | D        | Killed an orc sorcerer
  3480 | D        | Reached skill level 15 in Armour
  3480 | D        | Reached XP level 11. HP: 114/119 MP: 10/10
  3481 | D        | Received a gift from Trog
  3487 | D        | Found Nuobbiph's Magic Scroll Shop.
  3494 | D        | Received a gift from Trog
  3688 | D        | Noticed Sigmund
  3688 | D        | Noticed Edmund
  3701 | D        | Killed Sigmund
  3713 | D        | Killed Edmund
  3982 | D        | HP: 4/122 [poison (dark miasma)]
  3983 | D        | Succumbed to poison (dark miasma)

Illustrated notes

Levels and vault maps discovered:
D:        dungeon_sprint_mu [sprint_mu_entry_forest, sprint_mu_temple_rooms,
          sprint_mu_d1_horrors, sprint_mu_d2_genie, sprint_mu_d3_branching,
          sprint_mu_orc_legion, sprint_mu_elf_gauntlet, sprint_mu_hive_nellie,
          sprint_mu_lair_fedhas, sprint_mu_vaults_butterflies,
          sprint_mu_slime_circle, sprint_mu_shoals_kraken,
          sprint_mu_snake_twists, sprint_mu_blade_basic, sprint_mu_crypt_lich,
          sprint_mu_tomb_spiral, sprint_mu_vestibule_basic,
          sprint_mu_gehenna_hellfire, sprint_mu_dis_giant,
          sprint_mu_tartarus_statrot, sprint_mu_cocytus_islands, sprint_mu_zot1]

Skill      XL: |  1  2  3  4  5  6  7  8  9 10 11 |
---------------+----------------------------------+-----
Fighting       | 5 6 7 8 10 12 13 15 16 18 19 | 19.0
Long Blades    | 5 6 7 9 10 13 14 16 17 18 19 | 19.9
Armour         | 3 4 5 6 8 11 15 16 | 16.2
Dodging        | 3 4 5 6 7 8 9 |  9.5
Stealth        | 1 2 3 |  3.6
Evocations     | 1 |  1.5

Action                   |  1- 3 |  4- 6 |  7- 9 | 10-12 || total
-------------------------+-------+-------+-------+-------++-------
Melee: Falchion          |    15 |    15 |       |       ||    30
       Headbutt          |     2 |     5 |    14 |    18 ||    39
       Long sword        |       |       |    35 |       ||    35
       Punch             |       |       |     2 |       ||     2
       Scimitar          |       |       |    64 |    20 ||    84
       Great sword       |       |       |       |    80 ||    80
Invok: Berserk           |     2 |     4 |     4 |     5 ||    15
       Brothers in Arms  |       |       |     1 |     1 ||     2
       Trog's Hand       |       |       |       |     2 ||     2
Evoke: Phantom mirror    |       |       |     2 |     1 ||     3
  Use: Potion            |       |     1 |     1 |     2 ||     4
Armor: Animal skin       |     3 |       |       |       ||     3
       Chain mail        |       |       |    52 |    24 ||    76
       Plate armour      |       |       |       |     6 ||     6
Dodge: Dodged            |     7 |     8 |    59 |    69 ||   143
